 Dungeon Crawl Stone Soup version 0.31-a0-1388-g4b2ba238e7 (webtiles) character file.

Game seed: 1176226338354967736

249 MisterAzrael the Ruffian (level 6, -1/36 (38) HPs)
             Began as an Octopode Shapeshifter on Dec 24, 2023.
             Killed from afar by an orc wizard (7 damage)
             ... with a magic dart
             ... on level 3 of the Dungeon.
             The game lasted 00:03:13 (2407 turns).

MisterAzrael the Ruffian (Octopode Shapeshifter)    Turns: 2407, Time: 00:03:13

HP:   -1/36 (38)    AC:  1    Str: 16    XL:     6   Next: 12%
MP:   6/6           EV: 13    Int: 12    God:
Gold: 158           SH:  0    Dex: 11    Spells: 5/5 levels left

rFire   x .          .
                       - Unarmed
rCold   + . .        (no shield)
rNeg    . . .        (helmet currently unavailable)
rPois   .            (no amulet)
rElec   .            m - ring of ice
rCorr   .            (no ring)
SInv    .            (no ring)
Will    .....        (no ring)
Stlth   ++           (no ring)
HPRegen 0.26/turn    (no ring)
MPRegen 0.10/turn    (no ring)
                     (no ring)

%: no passive effects
@: beast-form, drained
A: beast (slay +2), almost no armour, amphibious, 8 rings, camouflage 1,
gelatinous body 1, (nimble swimmer 1), tentacles
a: Begin Untransformation


You were on level 3 of the Dungeon.
You were a hulking beast.
You visited 1 branch of the dungeon, and saw 3 of its levels.

You collected 158 gold pieces.

Inventory:

Hand Weapons
 n - a +0 dagger
Missiles
 a - 5 atropa-tipped darts (quivered)
 q - 4 curare-tipped darts
 r - a boomerang
Jewellery
 m - a ring of ice (left tentacle)
 o - an amulet of faith
Talismans
 b - a beast talisman
 c - a flux talisman
Scrolls
 e - 2 scrolls of identify {unknown}
 g - a scroll of revelation {unknown}
 h - a scroll of blinking {unknown}
 i - a scroll of poison {unknown}
 j - a scroll of vulnerability {unknown}
 k - 2 scrolls of teleportation {unknown}
 l - a scroll of enchant armour {unknown}
 p - a scroll of acquirement {unknown}
Potions
 d - a potion of heal wounds {unknown}
 f - a potion of curing {unknown}


   Skills:
 - Level 1.0 Fighting
 + Level 2.3 Throwing
 - Level 2.0 Dodging
 * Level 5.2 Unarmed Combat
 + Level 4.0 Shapeshifting


You had 5 spell levels left.
You didn't know any spells.
Your spell library contained the following spells:

 Spells                   Type           Power      Damage    Failure   Level
 Cigotuvi's Dreadful Rot  Necr/Alch/Air  0%         N/A       45%         2
 Dispel Undead            Necr           0%         3d6       97%         4
 Death Channel            Necr           0%         N/A       100%        6


Dungeon Overview and Level Annotations

Branches:
Dungeon (3/15)

Altars:

Shops:
D:3 *


Innate Abilities, Weirdness & Mutations

You are a hulking beast.
Your limbs bulge with bestial killing power. (Slay +2)
You cannot wear most types of armour.
You are amphibious.
You can wear up to eight rings at the same time.
Your skin changes colour to match your surroundings (Stealth+).
Your rubbery body absorbs attacks. (AC +1, EV +1)
((You are camouflaged when in or above water. (Stealth+)))
You have tentacles for arms and can constrict up to eight enemies at once.


Message History

You tentacle-slap the orc. Your grab misses the orc.
The orc is almost dead.
The orc wizard gestures wildly while chanting.
The orc wizard flickers and vanishes!
Deactivating autopickup; reactivate with Ctrl-A.
The orc hits you with a +0 club.
You bludgeon the orc!
You kill the orc!
You bludgeon the endoplasm!
You kill the endoplasm!
A puff of flame appears from out of thin air!
The puff of flame hits you! The fire burns you terribly!
No target in view!
No target in view!
No target in view!
There is a strange disturbance nearby!
A puff of flame appears from out of thin air!
The puff of flame hits you! The fire burns you terribly!
* * * LOW HITPOINT WARNING * * *
Throw: 6 darts (atropa)
Press: ? - help, Q - select action, (/) - cycle Shift-Dir - straight line You throw an atropa-tipped dart.
An orc comes into view. It is wielding a +0 short sword.
The orc hits you with a +0 short sword.
* * * LOW HITPOINT WARNING * * *
The orc misses you.
You barely miss the orc. You grab the orc. You squeeze the orc.
The orc is severely wounded.
You constrict the orc.
You kill the orc!
Something barely misses you. Something hits you.
* * * LOW HITPOINT WARNING * * *
You feel drained.
* * * LOW HITPOINT WARNING * * *
Things that are here:
17 gold pieces; a +0 short sword; an orc corpse A magic dart appears from out of thin air!
The magic dart hits you!
You die...

#.##.# #.##.# #.##.#
#.##.# #.#..# ......
#<.... .....# ###...
#.#..# #... #.#(.#
#.######...
#.#.)###......#...
#h#...##.####...#.
#.#...##.####.#.#.
.#..###{#...##...^......
.............#.####..##.
.##....####..#.####..##.
##....................
##..####.##.##.#..###
............(........
≈≈≈..
....#..#.............


There were no monsters in sight!

Vanquished Creatures
  A scorpion (D:3)
  A jelly (D:2)
  An orc priest (D:3)
  Terence (D:2)
  3 adders
  A dart slug (D:1)
  7 orcs (D:3)
  7 endoplasms
  4 giant cockroaches
  4 goblins
  6 hobgoblins
  2 jackals (D:1)
  2 quokkas
  7 ball pythons
  10 bats
  6 frilled lizards
  7 kobolds
  5 rats
75 creatures vanquished.

Notes
Turn   | Place    | Note
-------+----------+-------------------------------------------
     0 | D:1      | MisterAzrael the Octopode Shapeshifter began the quest for
                  | the Orb.
     0 | D:1      | Reached XP level 1. HP: 13/13 MP: 1/1
   110 | D:1      | Reached XP level 2. HP: 18/18 MP: 2/2
   339 | D:1      | Reached XP level 3. HP: 23/23 MP: 3/3
  1030 | D:2      | Noticed Terence
  1034 | D:2      | Reached skill level 1 in Throwing
  1034 | D:2      | Reached skill level 4 in Unarmed Combat
  1034 | D:2      | Reached XP level 4. HP: 25/28 MP: 4/4
  1045 | D:2      | Killed Terence
  1231 | D:2      | Reached XP level 5. HP: 30/33 MP: 5/5
  2114 | D:3      | Reached skill level 5 in Unarmed Combat
  2172 | D:3      | Found Biaf's Assorted Antiques.
  2182 | D:3      | Reached XP level 6. HP: 25/38 MP: 6/6
  2407 | D:3      | Killed from afar by an orc wizard

Illustrated notes

Levels and vault maps discovered:
D:1:      dpeg_arrival_erosion, layout_loops_ring, minmay_tromino_v4_a
D:2:      layout_basic, uniq_terence
D:3:      layout_basic, serial_shops, shop, grunt_decor_junction

Skill      XL: |  1  2  3  4  5 |
---------------+----------------+-----
Throwing       | 1 2 |  2.3
Unarmed Combat | 4 5 |  5.2
Shapeshifting  | 4 |  4.0
Fighting       | |  1.0
Dodging        | |  2.0

Action                     |  1- 3 |  4- 6 || total
---------------------------+-------+-------++-------
  Melee: Unarmed           |    72 |    54 ||   126
         Constrict         |    15 |     8 ||    23
         Tentacles         |    11 |     9 ||    20
         Punch             |       |     2 ||     2
  Throw: Dart              |       |     1 ||     1
    Use: Potion            |       |     1 ||     1
   Stab: Sleeping          |     7 |       ||     7
         Distracted        |       |     1 ||     1
 Armour: Skin              |    24 |    38 ||    62
  Dodge: Dodged            |    49 |    25 ||    74

Table legend: (Time is in decaauts)
 A = Elapsed time spent in this place.
 B = Non-inter-level travel time spent in this place.
 C = Inter-level travel time spent in this place.
 D = Time resting spent in this place.
 E = Time spent auto-exploring this place.
 F = Levels seen in this place.
 G = Mean time per level.
                   A        B        C        D        E       F      G
               +--------+--------+--------+--------+--------+-----+--------+
         Total |   2396 |   2389 |      7 |    321 |   1637 |   3 |  798.7 |
       Dungeon |   2396 |   2389 |      7 |    321 |   1637 |   3 |  798.7 |
               +--------+--------+--------+--------+--------+-----+--------+

Top non-repeatable levels by time:
     D:2: 1020 daAuts
     D:1: 819 daAuts
     D:3: 557 daAuts
